Map: Triton LE

Players

Lemon - Winner!

  • Race: Terran Terran
  • League: Grandmaster
  • Spawn Location: 5:00

GRAPHIX

  • Race: Zerg Zerg
  • League: Grandmaster
  • Spawn Location: 11:00

VOD

Have the link to the VOD?

Description

Time

  • Played on: Feb. 25, 2020, 12:14 a.m.
  • Length: 30:31
Show
View Real Time Build Order
Export as new Build Order

Lemon Terran - Winner!

Build Orders: Reaper Expand 

Get SALT Encoding   

  12  0:00  SCV  
  13  0:13  SCV  
  14  0:16  Supply Depot  
  14  0:25  SCV  
  15  0:38  SCV  
  15  0:40  Barracks  
  16  0:45  Refinery  
  16  0:50  SCV  
  17  1:02  SCV  
  18  1:14  SCV  
  19  1:26  Orbital Command  
  19  1:27  Reaper  
  20  1:41  Command Center  
  20  1:54  SCV, Supply Depot  
  21  2:00  Barracks Reactor  
  21  2:06  SCV  
  21  2:07  Refinery  
  22  2:18  SCV  
  23  2:23  Factory  
  23  2:30  SCV  
  23  2:35  Marine  
  23  2:36  Marine  
  26  2:42  SCV  
  27  2:53  Orbital Command  
  27  2:54  SCV  
  27  2:56  Marine  
  27  2:57  Marine  
  29  3:06  SCV  
  29  3:12  Starport  
  30  3:18  SCV, Hellion x2  
  35  3:21  SCV  
  35  3:25  Barracks Tech Lab  
  36  3:31  SCV  
  36  3:33  SCV  
  38  3:34  Supply Depot  
  38  3:41  Hellion x2  
  42  3:43  SCV  
  42  3:46  SCV  
  43  3:55  SCV  
  44  3:58  Viking  
  44  4:02  Hellion x2  
  50  4:04  Supply Depot  
  50  4:05  SCV  
  50  4:07  SCV  
  52  4:13  Barracks Tech Lab  
  52  4:17  SCV  
  52  4:19  SCV  
  54  4:29  SCV  
  55  4:31  Command Center  
  55  4:35  Barracks  
  55  4:40  Barracks  
  55  4:41  SCV  
  55  4:43  Starport Reactor, Marine  
  55  4:45  SCV  
  58  4:53  SCV, Supply Depot  
  58  4:57  SCV  
  60  5:03  Engineering Bay  
  60  5:05  SCV  
  60  5:07  Engineering Bay, Stimpack  
  61  5:09  SCV  
  62  5:15  Siege Tank  
  62  5:16  Marine  
  62  5:17  SCV  
  68  5:21  SCV  
  68  5:31  Refinery  
  68  5:32  Terran Infantry Weapons Level 1, Refinery  
  68  5:34  Terran Infantry Armor Level 1  
  68  5:35  SCV x2  
  70  5:43  Medivac x2  
  70  5:47  SCV x2  
  76  5:51  Orbital Command  
  76  5:55  Marine x3  
  79  5:59  SCV  
  80  6:06  SCV  
  80  6:08  Barracks x2  
  81  6:11  SCV  
  81  6:13  Medivac  
  81  6:15  Barracks Reactor  
  81  6:16  Marine  
  81  6:18  Orbital Command  
  85  6:27  Armory, Supply Depot x2  
  85  6:45  Supply Depot  
  85  6:46  Supply Depot  
  85  6:47  Supply Depot  
  85  6:48  SCV, Medivac, Marine x2, Siege Tank  
  85  6:49  SCV, Medivac, Marine  
  97  6:59  SCV  
  97  7:00  SCV, Marine  
  97  7:01  Barracks Reactor x2  
  100  7:03  SCV  
  100  7:08  Supply Depot  
  101  7:09  Supply Depot  
  101  7:10  Supply Depot  
  101  7:11  SCV, Combat Shield  
  101  7:13  SCV  
  101  7:15  SCV  
  104  7:17  Barracks  
  104  7:18  Medivac, Barracks  
  104  7:20  Barracks  
  106  7:23  SCV, Barracks  
  106  7:24  Marine, Siege Tank  
  106  7:27  Marine x2  
  113  7:30  Medivac  
  113  7:32  SCV  
  113  7:33  SCV  
  113  7:36  SCV  
  118  7:37  Marine  
  118  7:43  Marine  
  120  7:45  SCV x2  
  120  7:56  Marine x2, Siege Tank  
  120  7:57  Marine x6, Terran Infantry Weapons Level 2  
  131  8:01  Marine  
  131  8:04  Marine  
  131  8:05  Marine  
  134  8:10  Terran Infantry Armor Level 2  
  134  8:16  Marine  
  134  8:17  Marine x9  
  144  8:28  Siege Tank  
  144  8:29  Marine  
  144  8:32  SCV  
  149  8:36  Supply Depot  
  149  8:38  Supply Depot  
  149  8:40  Medivac, Marine  
  139  8:47  Marine  
  139  8:48  SCV x2, Barracks Reactor, Barracks Tech Lab x2  
  142  8:49  Barracks Reactor  
  142  8:50  Refinery x2  
  142  8:52  Marine  
  142  8:53  Marauder  
  145  9:00  SCV, Siege Tank  
  145  9:01  SCV x2  
  145  9:02  Marine  
  144  9:03  Marine x5  
  144  9:05  Medivac, Marine  
  152  9:10  Marine  
  152  9:12  SCV  
  152  9:13  SCV x2  
  152  9:14  Marine  
  157  9:20  Marine  
  155  9:26  Marine  
  155  9:30  Marine x3  
  155  9:31  Medivac, Marine x2  
  127  9:32  Siege Tank  
  127  9:33  Marine  
  127  9:34  Marine x7  
  127  9:38  Marine  
  134  9:50  Marine  
  134  9:52  Marauder  
  111  9:54  Marauder, Marine  
  111  9:58  Marine x3  
  111  9:59  Marauder  
  119  10:01  Marine  
  119  10:04  Marine, Siege Tank  
  119  10:06  Terran Vehicle Weapons Level 1  
  124  10:09  Marine  
  124  10:14  Marauder  
  127  10:16  Medivac, Marauder, Marine x2  
  127  10:20  Marauder  
  132  10:25  Marine x3  
  135  10:35  Marauder  
  135  10:36  Marine, Siege Tank  
  135  10:37  Marauder  
  135  10:40  Marine x3  
  135  10:41  Marine x2  
  142  10:49  Marine x6  
  142  10:54  Marine  
  147  10:58  Marine x4  
  147  10:59  Marine  
  147  11:02  Command Center  
  148  11:08  Marine, Siege Tank  
  147  11:14  Marine  
  147  11:15  Marine  
  149  11:21  SCV x3  
  152  11:32  Marine  
  153  11:33  SCV x2  
  153  11:37  Marine  
  153  11:38  Medivac x2  
  159  11:41  Siege Tank  
  162  11:57  SCV x3  
  147  12:08  Medivac x2  
  147  12:09  SCV x3  
  147  12:10  Marine  
  147  12:12  Terran Vehicle Weapons Level 2  
  147  12:13  Siege Tank  
  139  12:20  Marine  
  139  12:21  SCV, Marine x9  
  127  12:27  Marine  
  127  12:29  Marine  
  109  12:30  Marine  
  109  12:31  Marine  
  109  12:34  Planetary Fortress  
  108  12:38  Medivac  
  108  12:39  SCV  
  108  12:40  Marauder  
  113  12:45  Siege Tank  
  113  12:50  Medivac, Factory  
  113  12:51  Marauder, Marine  
  118  12:53  Marauder  
  118  12:56  Sensor Tower  
  123  13:00  Marine x2  
  123  13:02  Marauder  
  123  13:05  Marine  
  127  13:06  Marine x4  
  127  13:08  Marine  
  127  13:12  Missile Turret  
  133  13:17  Siege Tank  
  136  13:29  Marauder x2, Marine x2  
  136  13:30  Liberator x2  
  136  13:33  Marine  
  150  13:34  Marauder  
  150  13:39  Starport  
  150  13:40  SCV  
  150  13:41  SCV  
  152  13:48  Marine x4  
  153  13:51  Marauder  
  153  13:54  Marauder, Marine x2  
  161  14:04  Marine  
  162  14:11  Marine x3  
  162  14:12  Marauder x2, Siege Tank  
  162  14:13  Medivac, Liberator  
  175  14:23  Marine  
  175  14:24  Marauder, Marine  
  179  14:27  Marine  
  179  14:29  Marine x2  
  179  14:33  Marauder x2  
  179  14:38  Marine x2  
  179  14:45  Marauder  
  179  14:52  Liberator  
  175  14:53  Command Center  
  175  14:55  Marauder  
  175  14:56  Marine  
  179  15:02  Marauder  
  179  15:03  Terran Infantry Weapons Level 3  
  179  15:06  Liberator  
  182  15:07  Marauder, Marine x3  
  182  15:08  Marine  
  182  15:11  Factory Tech Lab  
  188  15:16  SCV  
  188  15:18  Marauder  
  188  15:20  Marine  
  187  15:21  Marine  
  187  15:25  Marauder  
  187  15:26  Marine  
  187  15:37  Marine  
  188  15:49  Marauder  
  187  15:50  Marauder, Marine  
  187  15:51  Marine  
  187  15:52  Marine  
  187  15:54  Marauder  
  187  15:56  SCV  
  188  16:16  SCV x4  
  188  16:17  Marauder x3  
  198  16:28  Marine x2  
  198  16:29  Terran Ship Weapons Level 1  
  200  16:34  Missile Turret  
  200  16:36  Siege Tank  
  200  16:42  Command Center  
  197  17:18  Supply Depot  
  197  17:19  Supply Depot  
  197  17:20  Supply Depot  
  194  17:26  Marine x4  
  194  17:27  Marine x3  
  188  17:31  Marauder, Marine x2  
  188  17:32  Marine  
  188  17:33  Marauder x2, Marine x2  
  188  17:34  Medivac  
  188  17:39  Medivac  
  188  17:40  Siege Tank x2  
  188  17:41  Starport Tech Lab  
  188  17:43  SCV  
  197  17:44  Marine x3  
  195  17:52  Marauder  
  195  17:54  Marauder, Marine  
  195  17:55  Marauder  
  195  17:57  Planetary Fortress  
  197  18:02  Marine x2  
  197  18:04  Medivac  
  194  18:08  Command Center  
  194  18:12  Siege Tank x2  
  174  18:14  Medivac x2, Marauder  
  174  18:15  Marauder  
  174  18:16  Marauder  
  174  18:17  SCV x2  
  165  18:22  Marine  
  138  18:35  SCV x2, Marauder  
  138  18:37  Medivac, Marauder, Marine  
  138  18:38  Marauder  
  149  18:44  Medivac, Siege Tank  
  154  18:49  Marine x2  
  154  18:52  Marine  
  154  18:53  Marine x8  
  154  18:55  Marine  
  165  18:57  Viking, Marauder  
  165  18:58  Marauder  
  165  18:59  Marauder  
  174  19:07  Viking, Marine x2  
  171  19:10  Marine  
  171  19:11  Marine x8  
  171  19:13  Marine  
  171  19:14  Viking  
  179  19:18  Marauder  
  179  19:19  Marine  
  179  19:20  Marine  
  183  19:25  Marine x2  
  183  19:27  Viking  
  183  19:28  Marine  
  183  19:29  Marine x8  
  183  19:31  Marine  
  196  19:37  Marauder  
  196  19:38  Marine  
  191  19:39  Marine  
  191  19:43  Marine  
  181  19:52  Marine x2  
  177  19:53  Viking x2, Marine, Siege Tank  
  177  19:54  Marine x8  
  177  19:56  Marauder  
  177  19:57  Marine  
  177  19:58  Marine  
  192  20:01  Marine  
  191  20:09  SCV x2  
  191  20:10  Marine x2  
  191  20:11  Marine  
  191  20:12  Marine  
  195  20:17  Viking, Marine  
  195  20:18  Marauder  
  200  20:23  Viking  
  194  20:29  Marine  
  194  20:30  SCV  
  194  20:31  SCV x3  
  191  20:43  Marine  
  191  20:44  Marine  
  191  20:47  Marauder, Marine  
  191  20:48  Marine  
  191  20:59  Marine  
  191  21:00  Marine x10  
  199  21:05  Marine  
  199  21:06  Marine  
  180  21:11  Marine  
  180  21:12  Marine  
  180  21:17  Marine  
  180  21:18  Marine x10  
  147  21:22  Marine  
  147  21:24  Marine  
  155  21:29  Marine x2  
  151  21:35  Marine  
  151  21:36  Marine x10  
  151  21:39  Orbital Command  
  158  21:40  Marine  
  158  21:42  Marine  
  159  21:47  Marine x2  
  159  21:54  Marine x4  
  154  21:58  Marine  
  150  22:04  Orbital Command  
  117  22:23  Marauder, Marine x2  
  121  22:30  Orbital Command  
  121  22:33  Medivac  
  121  22:34  Medivac, Marine  
  126  22:49  Marine  
  126  22:52  Medivac  
  120  23:09  Marauder, Marine x2  
  123  23:38  Medivac, Marine  
  126  23:44  Medivac, Marine  
  126  23:45  Marine x12  
  141  23:50  Refinery  
  141  23:56  Marine  
  141  23:57  Refinery  
  141  24:02  Marine  
  140  24:03  Marine x2  
  140  24:09  Marine x6  
  148  24:10  Marine  
  148  24:13  Marine  
  150  24:30  Medivac  
  120  24:44  Marauder, Marine x2  
  99  24:48  Marine  
  99  24:49  Marine x8  
  99  24:50  Orbital Command  
  97  24:53  Marauder, Marine  
  89  25:01  Marine  
  89  25:06  Marauder  
  83  25:07  Marine  
  83  25:10  Marine  
  83  25:17  Marine  
  83  25:18  Marine x2  
  69  25:26  Marauder, Marine  
  71  25:28  Orbital Command  
  71  25:32  Marine  
  71  25:33  Marine x2  
  70  25:37  Marine  
  71  25:51  Marine  
  71  25:52  Marauder, Marine  
  71  25:53  Marine x2  
  77  26:06  Refinery x2  
  77  26:09  Marine  
  77  26:10  Marine x3  
  77  26:21  Marine x5  
  77  26:22  Marine  
  77  26:24  Medivac  
  78  26:26  Marine  
  78  26:28  Marine  
  78  26:29  Marine  
  81  26:40  Marine x5  
  81  26:45  Marine x2  
  81  26:46  Marauder  
  90  26:52  Medivac x2  
  90  26:53  Marine  
  95  26:55  Marine  
  95  26:56  Marine  
  95  27:00  Medivac  
  99  27:04  Marine  
  99  27:05  Marine  
  101  27:17  Marauder, Marine x2  
  101  27:22  Medivac x2  
  108  27:30  Medivac  
  110  27:41  Marine  
  110  27:42  Marauder, Marine x4  
  110  27:44  Marine x3  
  119  27:51  Medivac  
  119  27:52  Medivac, Marine  
  119  27:56  Marine  
  119  27:57  Marine x2  
  126  27:59  Marine x2  
  126  28:00  Marine  
  126  28:02  Marine  
  130  28:12  Marine x2  
  115  28:17  Marine  
  115  28:18  Marine  
  115  28:19  Medivac  
  120  28:20  Marauder  
  120  28:21  Medivac  
  120  28:22  Medivac  
  126  28:29  Marine  
  126  28:30  Marauder  
  126  28:31  Marine  
  126  28:33  Marine  
  131  28:42  Marauder  
  130  28:49  Medivac  
  130  28:52  Marine x7  
  130  28:53  Marine  
  99  29:09  Medivac x2  
  101  29:10  Marine x2  
  100  29:22  Marine  
  67  29:51  Marine  
  67  29:52  Marine  
  63  29:53  Marine x3  
Show
View Real Time Build Order
Export as new Build Order

GRAPHIX Zerg 

Build Orders: Hatch First 

Get SALT Encoding   

  12  0:02  Drone  
  13  0:13  Overlord  
  13  0:17  Drone  
  14  0:31  Drone x2  
  16  0:37  Drone  
  17  0:52  Hatchery  
  17  0:55  Drone  
  17  0:58  Drone  
  18  1:10  Extractor  
  17  1:13  Spawning Pool  
  17  1:16  Drone  
  17  1:19  Drone  
  18  1:34  Drone  
  19  1:47  Drone  
  20  2:00  Zergling x2  
  21  2:01  Zergling x2  
  21  2:03  Queen  
  21  2:05  Queen  
  21  2:07  Drone  
  27  2:11  Overlord  
  27  2:20  Metabolic Boost  
  27  2:37  Overlord  
  27  2:38  Drone x4  
  27  2:39  Queen  
  33  2:55  Overlord  
  33  2:56  Drone x2  
  35  3:05  Overlord, Drone  
  35  3:07  Queen  
  38  3:21  Drone  
  38  3:22  Drone x4  
  43  3:36  Drone x2  
  45  3:42  Hatchery  
  45  3:45  Lair  
  44  3:53  Zergling x6  
  44  3:54  Zergling x2  
  47  4:02  Drone x3  
  50  4:04  Roach Warren, Drone  
  50  4:13  Drone  
  50  4:16  Overlord x2  
  51  4:21  Overlord  
  50  4:31  Extractor x2  
  50  4:32  Drone x3  
  50  4:37  Zergling x6  
  54  4:41  Overlord  
  54  4:42  Spore Crawler  
  55  4:54  Queen, Drone  
  55  4:55  Drone  
  57  5:02  Overlord  
  57  5:03  Queen  
  57  5:05  Drone x5  
  64  5:12  Glial Reconstitution  
  64  5:16  Overseer  
  64  5:17  Overlord  
  64  5:21  Overlord  
  64  5:22  Drone  
  64  5:24  Drone  
  64  5:25  Drone x2  
  68  5:31  Evolution Chamber  
  68  5:32  Evolution Chamber  
  68  5:34  Drone x5  
  71  5:36  Drone x3  
  73  5:49  Drone x5  
  78  5:58  Extractor  
  78  5:59  Roach  
  78  6:00  Extractor  
  78  6:01  Overlord  
  78  6:03  Overlord  
  78  6:06  Overlord  
  78  6:08  Queen  
  80  6:12  Zerg Melee Weapons Level 1  
  80  6:15  Baneling Nest  
  80  6:16  Zerg Ground Armor Level 1  
  79  6:22  Roach x5  
  79  6:24  Roach  
  91  6:29  Drone x4  
  95  6:35  Hatchery  
  95  6:37  Roach  
  95  6:38  Roach x2, Baneling Nest  
  99  6:47  Ravager x4  
  99  6:53  Overlord  
  103  7:05  Ravager x2  
  103  7:06  Ravager  
  106  7:11  Overlord  
  106  7:12  Drone x8  
  114  7:17  Centrifical Hooks  
  114  7:22  Overlord x5, Extractor  
  114  7:25  Overlord  
  113  7:38  Overlord  
  113  7:43  Baneling  
  113  7:44  Zergling x8, Baneling x7  
  113  7:45  Zergling x10  
  113  7:49  Zergling x8  
  113  7:50  Zergling x4  
  128  8:00  Drone x5  
  128  8:04  Infestation Pit, Hatchery  
  131  8:09  Zergling x2  
  131  8:10  Zergling x6, Baneling  
  131  8:11  Baneling x9  
  135  8:13  Ravager x3  
  135  8:15  Overlord x2  
  133  8:21  Overlord  
  133  8:23  Roach, Baneling x4  
  133  8:24  Roach x3  
  133  8:25  Roach  
  143  8:30  Overlord x2  
  143  8:32  Baneling  
  143  8:33  Baneling x2  
  142  8:34  Zergling x6  
  135  8:43  Zergling x4  
  135  8:44  Zergling x6  
  135  8:45  Ravager x3  
  135  8:46  Ravager x2  
  141  8:50  Zergling x10  
  141  8:51  Zergling x4  
  145  9:01  Hive  
  144  9:03  Zergling x2  
  144  9:04  Zergling x12  
  151  9:15  Zergling x2  
  151  9:16  Zergling x14  
  159  9:17  Baneling x5  
  153  9:29  Zergling x2  
  153  9:30  Zergling x10  
  140  9:33  Zerg Melee Weapons Level 2  
  138  9:45  Zergling x22  
  141  9:49  Zergling x6  
  139  9:55  Baneling x4  
  139  9:56  Baneling x2  
  139  9:57  Zergling x6  
  142  10:02  Baneling x5  
  142  10:05  Baneling  
  142  10:09  Zerg Ground Armor Level 2  
  141  10:15  Zergling x2  
  141  10:16  Zergling x22  
  146  10:32  Queen  
  146  10:34  Viper x3  
  149  10:42  Drone  
  149  10:43  Drone x10  
  149  10:46  Zergling x16  
  165  10:50  Ultralisk Cavern  
  165  10:53  Queen  
  161  10:58  Zergling x10  
  161  10:59  Baneling x11  
  166  11:14  Drone  
  166  11:17  Extractor  
  166  11:19  Baneling x5  
  166  11:20  Zergling x18  
  166  11:24  Overlord  
  175  11:30  Baneling x9  
  171  11:35  Zergling x20  
  171  11:36  Queen  
  182  11:40  Hatchery  
  182  11:42  Zergling x2  
  182  11:43  Zergling x4  
  182  11:50  Zergling x8  
  179  12:05  Zergling x8  
  179  12:07  Overlord x3  
  182  12:08  Zergling x12  
  182  12:09  Zergling x2  
  144  12:27  Zergling x4  
  144  12:28  Zergling x12  
  136  12:35  Viper x2  
  136  12:36  Chitinous Plating  
  138  12:38  Ultralisk x2  
  138  12:39  Ultralisk x2  
  162  12:46  Zergling x10  
  162  12:47  Zergling x2  
  162  12:51  Overseer  
  168  12:56  Zergling x16  
  176  13:02  Baneling x4  
  176  13:03  Baneling x8  
  176  13:13  Zerg Melee Weapons Level 3  
  176  13:15  Zerg Ground Armor Level 3  
  176  13:18  Spine Crawler  
  175  13:20  Spine Crawler x2  
  172  13:27  Zergling x2  
  172  13:28  Zergling x4  
  172  13:32  Baneling x6  
  175  13:36  Baneling x2  
  175  13:47  Spire  
  174  13:55  Anabolic Synthesis, Drone x3  
  173  13:58  Extractor  
  172  14:08  Zergling x46, Spore Crawler  
  185  14:11  Viper x3  
  188  14:21  Spore Crawler  
  187  14:25  Zergling x2, Spore Crawler  
  187  14:26  Zergling x14  
  173  14:52  Extractor  
  172  15:10  Greater Spire  
  172  15:11  Corruptor  
  172  15:12  Corruptor x9  
  192  15:16  Adrenal Glands  
  192  15:26  Drone  
  192  15:27  Drone x6  
  199  15:38  Overlord x4  
  196  15:50  Zergling x6  
  196  15:53  Overseer  
  192  16:10  Hatchery  
  191  16:27  Zerg Flyer Weapons Level 1  
  191  16:29  Zergling x2  
  191  16:30  Zergling x16  
  188  16:46  Spore Crawler  
  182  16:53  Corruptor x8  
  198  16:56  Queen  
  197  17:07  Zergling x2  
  197  17:08  Zergling x22  
  199  17:09  Baneling x9  
  199  17:11  Overlord  
  199  17:13  Overlord  
  198  17:36  Baneling x3  
  192  17:42  Extractor  
  191  17:44  Zergling x18  
  176  17:59  Brood Lord  
  176  18:00  Brood Lord x6  
  176  18:03  Zergling x20  
  184  18:15  Zergling x38  
  193  18:24  Corruptor x6  
  193  18:25  Corruptor x3  
  192  18:35  Baneling  
  192  18:36  Baneling x10  
  192  18:43  Ultralisk  
  193  18:58  Corruptor x3  
  193  19:01  Baneling  
  199  19:03  Baneling x6  
  188  19:26  Pathogen Glands  
  188  19:31  Corruptor x8  
  184  19:35  Zergling x2  
  184  19:36  Zergling x4  
  172  19:53  Zergling x2, Ultralisk x3  
  172  19:54  Zergling x6  
  172  19:57  Baneling x2  
  172  19:58  Baneling x2  
  184  20:04  Baneling x4  
  179  20:22  Neural Parasite  
  179  20:28  Hatchery, Baneling x2  
  175  20:29  Baneling x2  
  175  20:53  Zergling x10, Ultralisk x2  
  175  20:54  Zergling x16  
  184  21:07  Overlord x2  
  150  21:31  Baneling x9  
  150  21:32  Overlord x5  
  143  21:44  Overlord x2  
  143  21:45  Overlord x4  
  143  21:46  Overlord  
  129  22:03  Overlord x4  
  129  22:04  Ultralisk  
  133  22:11  Zergling x18  
  133  22:12  Zergling x2  
  138  22:47  Zergling x2  
  138  22:48  Zergling x22  
  144  22:51  Extractor  
  144  22:52  Extractor  
  132  23:04  Extractor  
  132  23:05  Extractor  
  128  23:12  Hatchery  
  125  23:24  Queen x4  
  123  23:39  Zergling x2  
  123  23:40  Zergling x22  
  135  23:45  Baneling x13  
  135  23:58  Drone  
  135  23:59  Drone x2  
  135  24:12  Zergling x12  
  135  24:13  Zergling x2  
  135  24:14  Baneling  
  141  24:20  Overlord  
  112  24:45  Zergling x12  
  88  24:46  Zergling x10  
  77  25:09  Baneling  
  77  25:10  Baneling  
  73  25:17  Drone  
  66  25:21  Zergling x16  
  66  25:22  Zergling x6  
  71  25:49  Baneling  
  70  25:50  Baneling x5  
  70  26:11  Zergling x22, Baneling Nest  
  77  26:32  Lair, Spine Crawler  
  76  26:33  Spine Crawler, Drone  
  74  27:14  Hatchery  
  73  27:17  Baneling x4  
  73  27:19  Zergling x14  
  73  27:20  Zergling x16  
  88  27:33  Queen x2  
  92  27:40  Spire  
  91  27:47  Baneling x3  
  91  27:48  Baneling x3  
  91  27:56  Baneling  
  91  27:57  Baneling x6  
  76  28:21  Zergling x2  
  76  28:22  Zergling x28  
  91  28:29  Baneling  
  91  28:30  Baneling x6  
  91  28:45  Zergling x12  
  91  28:46  Zergling x4  
  65  28:55  Zergling x2  
  65  28:56  Zergling x10  
  63  29:09  Baneling  
  54  29:10  Baneling x11  
  54  29:12  Zergling x2  
  50  29:23  Zergling x6  
  43  29:34  Zergling x6  
  37  29:47  Baneling  
  37  29:48  Baneling x3  
Tags
 
Add a new tag
Caveats
  • Supply blocks, unpowered buildings, or Contaminate may cause inaccurate times.
  • Supply counts are checked every 10 seconds.